 Dungeon Crawl Stone Soup version 0.31-a0-455-g1a7b003ef0 (webtiles) character file.

Game seed: 10791657022084475060

229860 Dirtsage the Skinwalker (level 19, -9/131 HPs)
             Began as an Octopode Shapeshifter on Aug 2, 2023.
             Was an Initiate of Gozag.
             Mangled by a war gargoyle
             ... wielding a +0 flail
             ... led by a peacekeeper
              (14 damage)
             ... on level 2 of the Vaults on Aug 3, 2023.
             The game lasted 02:09:38 (38481 turns).

Dirtsage the Skinwalker (Octopode Shapeshifter)    Turns: 38481, Time: 02:09:38

Health: -9/131     AC: 19    Str: 23    XL:     19   Next: 0%
Magic:  32/32      EV: 41    Int: 14    God:    Gozag
Gold:   3975       SH:  5    Dex: 14    Spells: 32/37 levels left

rFire   + .          .
                       - Unarmed
rCold   + + +        (shield currently unavailable)
rNeg    . . .        H - melded +2 hat
rPois   ∞            m - amulet "Cixzit" {Reflect rElec rC+ Will+ SH+5}
rElec   +            S - +5 ring of evasion
rCorr   +            A - +4 ring of protection
SInv    .            C - ring of resist corrosion
Will    ++...        W - ring of wizardry
Stlth   +            F - ring of protection from fire
HPRegen 0.41/turn    I - ring of protection from cold
MPRegen 0.23/turn    Y - +6 ring of strength
                     Z - ring of protection from cold

%: reflection, wizardry (x1)
@: storm-form, marked, gold aura, flying
A: cleaving, insubstantial, flying, almost no armour, amphibious, 8 rings,
(camouflage 1), (gelatinous body 1), (nimble swimmer 1), (tentacles)
}: 2/15 runes: decaying, gossamer
a: Blinkbolt, Begin Untransformation, Renounce Religion, Potion Petition, Call
Merchant, Bribe Branch


You were on level 2 of the Vaults.
You worshipped Gozag.
Gozag was most pleased with you.
You were a lightning-filled tempest!
You visited 7 branches of the dungeon, and saw 33 of its levels.

You collected 10718 gold pieces.
You spent 4527 gold pieces at shops.
You paid 2216 gold pieces to Gozag.

Inventory:

Missiles
 s - 6 throwing nets
 T - 2 curare-tipped darts
Armour
 p - a +1 hat of stealth
 H - a +2 hat (melded)
Jewellery
 j - a ring of wizardry
 m - the amulet "Cixzit" (around neck) {Reflect rElec rC+ Will+ SH+5}
   (You bought it in a shop on level 2 of the Orcish Mines)

   [amulet of reflection]

   It reflects blocked missile attacks.
   rC:        It protects you from cold.
   rElec:     It insulates you from electricity.
   SH:        It affects your SH (+5).
   Will:      It increases your willpower.
 o - a ring of willpower
 z - a ring of magical power
 A - a +4 ring of protection (right tentacle)
 C - a ring of resist corrosion (on tentacle)
 F - a ring of protection from fire (on tentacle)
 I - a ring of protection from cold (on tentacle)
 K - a ring of flight
 N - a ring of ice
 S - a +5 ring of evasion (left tentacle)
 W - a ring of wizardry (on tentacle)
 X - a ring of fire
 Y - a +6 ring of strength (on tentacle)
 Z - a ring of protection from cold (on tentacle)
Talismans
 b - a granite talisman
 f - a dragon-blood talisman
 r - a talisman of death
 L - a storm talisman (active)
Wands
 y - a wand of paralysis (19)
 D - a wand of digging (5)
 E - a wand of iceblast (19)
 G - a wand of mindburst (14)
 J - a wand of flame (28)
 M - a wand of light (3)
Scrolls
 g - a scroll of fear
 i - 6 scrolls of identify
 t - 9 scrolls of teleportation
 u - 7 scrolls of vulnerability
 v - 6 scrolls of fog
 B - 5 scrolls of blinking
 O - a scroll of butterflies
 R - a scroll of poison
 V - 6 scrolls of revelation
Potions
 a - 5 potions of lignification
 c - 5 potions of brilliance
 d - 4 potions of might
 e - 3 potions of invisibility
 h - 2 potions of haste
 k - 8 potions of ambrosia
 l - 5 potions of heal wounds
 n - a potion of resistance
 q - 12 potions of curing
 w - 7 potions of mutation
 x - 3 potions of enlightenment
 P - 4 potions of attraction
 Q - a potion of magic
Miscellaneous
 U - a phantom mirror


   Skills:
 + Level 12.1 Fighting
 + Level 8.8 Dodging
 + Level 14.4 Unarmed Combat
 - Level 9.5 Spellcasting
 - Level 4.4 Translocations
 - Level 4.4 Air Magic
 - Level 21.0 Shapeshifting


You had 32 spell levels left.
You knew the following spells:

 Your Spells              Type           Power      Damage    Failure   Level
a - Vhi's Electric Charg  Tloc/Air       38%        N/A       2%          3
b - Cigotuvi's Dreadful   Necr/Pois/Air  20%        N/A       3%          2

Your spell library contained the following spells:

 Spells                   Type           Power      Damage    Failure   Level
 Shock                    Conj/Air       48%        1d6       1%          1
 Blink                    Tloc           38%        N/A       1%          2
 Lesser Beckoning         Tloc           38%        N/A       1%          2
 Momentum Strike          Conj/Tloc      24%        3d8       2%          2
 Swiftness                Air            19%        N/A       2%          3
 Foxfire                  Conj/Fire      24%        2x1d5     4%          1
 Kiss of Death            Conj/Necr      24%        2d7       4%          1
 Magic Dart               Conj           24%        1d4       4%          1
 Summon Small Mammal      Summ           24%        N/A       4%          1
 Call Imp                 Summ           12%        N/A       7%          2
 Mephitic Cloud           Conj/Pois/Air  10%        N/A       8%          3
 Airstrike                Air            9%         2d(2-18)  8%          4
 Call Canine Familiar     Summ           6%         N/A       13%         3
 Confusing Touch          Hex            6%         N/A       13%         3
 Summon Guardian Golem    Hex/Summ       6%         N/A       13%         3
 Anguish                  Hex/Necr       3%         N/A       38%         4
 Dispel Undead            Necr           6%         3d8       38%         4
 Summon Ice Beast         Ice/Summ       6%         N/A       38%         4
 Arcjolt                  Conj/Air       6%         1d16      43%         5
 Summon Forest            Summ/Tloc      6%         N/A       43%         5
 Borgnjor's Vile Clutch   Necr/Erth      3%         N/A       73%         5
 Summon Mana Viper        Hex/Summ       6%         N/A       73%         5
 Plasma Beam              Fire/Air       6%         2x1d16    92%         6
 Death Channel            Necr           3%         N/A       99%         6
 Starburst                Conj/Fire      3%         6d3       99%         6
 Monstrous Menagerie      Summ           3%         N/A       100%        7
 Orb of Destruction       Conj           3%         9d5       100%        7
 Ozocubu's Refrigeration  Ice            3%         4d8       100%        7
 Spellforged Servitor     Conj/Summ      3%         N/A       100%        7
 Disjunction              Tloc           9%         N/A       100%        8
 Maxwell's Capacitive Co  Air            9%         ∞         100%        8
 Polar Vortex             Ice            3%         N/A       100%        9
 Animate Armour           Summ/Erth      Unusable   N/A       N/A         4
 Animate Dead             Necr           Unusable   N/A       N/A         4
 Simulacrum               Ice/Necr       Unusable   N/A       N/A         6

Dungeon Overview and Level Annotations

Branches:
Dungeon (15/15)            Temple (1/1) D:6            Lair (5/5) D:8
  Swamp (4/4) Lair:2       Spider (4/4) Lair:3        Slime (0/5) Lair:4
    Orc (2/2) D:12            Elf (0/3) Orc:2        Vaults (1/5) D:13
 Depths (0/4) D:15

Altars:
Ashenzari
Cheibriados
Dithmenos
Elyvilon
Fedhas
Gozag
Hepliaklqana
Kikubaaqudgha
Makhleb
Nemelex Xobeh
Okawaru
Qazlal
Ru
Sif Muna
Trog
Uskayaw
Vehumet
Wu Jian
Xom
Yredelemnul
Zin
The Shining One
Jiyva

Shops:
D:1 =   D:12 =:**   Orc:2 =*(?

Annotations:
D:2 1 runed translucent door, Crazy Yiuf
D:3 2 transporters
Vaults:2 Mennas


Innate Abilities, Weirdness & Mutations

You are a lightning-filled tempest!
Your electrical attacks strike out in all directions at once.
You are incredibly evasive.
Your insubstantial body is immune to petrification, constriction, and being set on fire You are flying.
Your armour is entirely melded.
You are incapable of wielding weapons or throwing items.
You cannot wear most types of armour.
You are amphibious.
You can wear up to eight rings at the same time.
You are immune to poison.
((Your skin changes colour to match your surroundings (Stealth+).))
((Your rubbery body absorbs attacks. (AC +1, EV +1)))
((You are camouflaged when in or above water. (Stealth+)))
((You have tentacles for arms and can constrict up to eight enemies at once.))


Message History

You take 17 damage, and have 54/126 hp.
You batter the war gargoyle!! You punch the war gargoyle.
The war gargoyle is heavily damaged.
You buffet the peacekeeper!
You buffet the war gargoyle!
The peacekeeper misses you. You block the peacekeeper's attack.
The war gargoyle launches metal splinters at you.
The spray of metal splinters misses you.
A deep troll comes into view.
The war gargoyle hits you with a +0 flail!
You take 12 damage, and have 42/126 hp.
You batter the war gargoyle!!
You destroy the war gargoyle!
You batter the peacekeeper!!
You destroy the peacekeeper!
You buffet the war gargoyle!
A great orb of eyes comes into view.
You block the war gargoyle's attack.
You have reached level 19!
You regained 2 hp, and now have 44/131 hp.
MP restored: 32 You completely miss the war gargoyle.
The war gargoyle is almost destroyed.
The war gargoyle hits you with a +0 flail!
* * * LOW HITPOINT WARNING * * *
A deep troll comes into view.
You take 8 damage, and have 36/131 hp.
You hit the war gargoyle but do no damage.
You punch the war gargoyle, but do no damage.
The war gargoyle is almost destroyed.
The war gargoyle launches metal splinters at you.
The spray of metal splinters hits you!!
* * * LOW HITPOINT WARNING * * *
You take 31 damage, and have 5/131 hp.
MASSIVE DAMAGE!!
You hit the war gargoyle.
You punch the war gargoyle, but do no damage.
The war gargoyle is almost destroyed.
An ironbound preserver comes into view. It is wielding a +0 morningstar.
The war gargoyle hits you with a +0 flail!
You die...
Your body crumbles into a pile of gold.

#.....+
#.....#
#.....#
#G....#
#.....#
#.....#
+#######.....#
p......$9....#
.T..T.$v.....#
...T.........#
.............#
.............#
##########++##


You could see an ironbound preserver, a great orb of eyes, 3 deep trolls and a
war gargoyle (catching breath).

Vanquished Creatures
  the Lernaean hydra (Swamp:4)
  Jorgrun (D:12)
  A sphinx (Vaults:1)
  Gastronok (Lair:2)
  2 tengu reavers (Vaults:1)
  The ghost of Fiesu the Devastator, a journeyman DrCj of Vehumet (D:13)
  Aizul (Spider:4)
  A fenstrider witch (Swamp:2)
  A vault warden (Vaults:1)
  2 emperor scorpions
  4 ghost moths (Spider:4)
  The ghost of Qiekomn the Thrower, a journeyman DsBe of Trog (Swamp:1)
  3 ironbound preservers
  3 war gargoyles
  3 eleionomae
  4 ironbound thunderhulks
  A dire elephant (D:15)
  3 bunyips
  5 spark wasps
  Snorg (Lair:4)
  4 entropy weavers
  An ice dragon (Swamp:1)
  Josephine (Orc:1)
  Harold (Lair:2)
  A jorogumo (Spider:1)
  2 yaktaur captains (Vaults:1)
  3 ghost crabs
  16 hydras
  2 anacondas (Lair:4)
  3 spriggan air magi (Swamp:3)
  Erolcha (D:9)
  A radroach (Spider:3)
  An ogre mage (D:15)
  An ironbound frostheart (Vaults:1)
  A catoblepas (D:13)
  A merfolk avatar (Lair:5)
  14 alligators
  16 centaur warriors
  2 peacekeepers
  2 boulder beetles
  7 death yaks (D:8)
  7 two-headed ogres
  2 tengu warriors (D:15)
  3 demonic crawlers
  6 orc high priests
  3 spriggan berserkers
  3 skysharks
  Sonja (D:11)
  Amaemon (Lair:2)
  6 pharaoh ants (Spider:4)
  3 goliath frogs
  A sea snake (Lair:5)
  3 ironbound convokers (Vaults:1)
  16 orb spiders
  Lodul (D:12)
  3 spriggan druids
  2 sun moths
  6 deep trolls (Vaults:1)
  6 swamp dragons (Swamp:4)
  7 bog bodies
  2 harpies (Lair:5)
  4 steelbarb worms
  An oklob plant (Lair:4)
  3 deep elf pyromancers
  2 lindwurms (Vaults:2)
  9 orc knights
  An orc sorcerer (Orc:2)
  3 ugly things
  14 wolf spiders
  2 cyclopes
  4 manticores
  A salamander (D:15)
  3 will-o-the-wisps
  5 vault sentinels
  9 black mambas
  4 moths of wrath
  11 slime creatures
  7 elephants
  A cane toad (shapeshifter) (D:15)
  4 torpor snails
  An orange demon (Lair:3)
  17 komodo dragons
  9 cane toads
  3 unseen horrors
  3 rime drakes
  7 yaktaurs (Vaults:1)
  A kobold demonologist (D:14)
  A tengu conjurer (D:15)
  2 efreet
  2 polar bears
  3 trolls
  8 tyrant leeches
  6 meliai
  15 hornets
  A bloated husk (Swamp:2)
  8 blink frogs
  5 dream sheep
  18 tarantellas
  2 snapping turtles (Lair:5)
  21 jumping spiders
  A centaur simulacrum (D:14)
  Sigmund (D:3)
  8 spriggans
  16 culicivoras
  3 shadows
  5 wyverns
  25 yaks
  7 wraiths
  Eustachio (D:6)
  10 basilisks
  16 humans
  A steam dragon (Lair:4)
  45 redbacks
  19 vampire mosquitoes
  13 swamp worms
  A warg (Orc:2)
  An acid dragon (D:13)
  19 water moccasins
  3 sky beasts
  40 orc warriors
  2 ice beasts
  7 swamp drakes
  3 black bears
  6 ogres
  9 wolves
  An ogre (shapeshifter) (Spider:1)
  A phantom (D:5)
  20 centaurs
  2 kobold brigands
  7 bullfrogs
  A gnoll sergeant (D:12)
  5 scorpions
  8 wights
  11 killer bees
  2 electric eels
  A howler monkey (D:8)
  2 jellies (Lair:4)
  4 hounds
  A gnoll bouda (D:7)
  28 orc priests
  A sleepcap (D:5)
  5 iguanas
  17 orc wizards
  7 hell rats (Lair:5)
  9 gnolls
  3 adders
  2 white imps
  3 worms
  3 dart slugs
  80 orcs
  2 bats (D:3)
  11 endoplasms
  4 giant cockroaches
  5 goblins
  4 hobgoblins
  3 ball pythons
  2 frilled lizards
  11 kobolds
  6 rats
958 creatures vanquished.

Vanquished Creatures (others)
  A bloated husk (Swamp:1)
  A tarantella (Spider:2)
  3 orcs (Orc:1)
  20 foxfires
25 creatures vanquished.

Grand Total: 983 creatures vanquished

Notes
Turn   | Place    | Note
-------+----------+-------------------------------------------
     0 | D:1      | Dirtsage the Octopode Shapeshifter began the quest for the
                  | Orb.
     0 | D:1      | Reached XP level 1. HP: 13/13 MP: 1/1
   107 | D:1      | Reached XP level 2. HP: 10/18 MP: 2/2
   278 | D:1      | Found Karchiel's Jewellery Emporium.
   460 | D:1      | Reached XP level 3. HP: 23/23 MP: 3/3
   729 | D:2      | Found a runed translucent door.
   730 | D:2      | Noticed Crazy Yiuf
  1250 | D:3      | Found a transporter.
  1254 | D:3      | You fall into a shaft and drop 1 floor!
  1292 | D:4      | Found a white marble altar of Elyvilon.
  1300 | D:4      | Got Voewujopn's Verses on Portals
  1317 | D:4      | Reached skill level 4 in Shapeshifting
  1357 | D:4      | Reached XP level 4. HP: 22/28 MP: 4/4
  1369 | D:4      | Noticed an orc warrior
  1444 | D:4      | Killed an orc warrior
  1445 | D:4      | Reached skill level 5 in Shapeshifting
  1445 | D:4      | Reached XP level 5. HP: 33/33 MP: 5/5
  2062 | D:4      | Reached XP level 6. HP: 30/38 MP: 6/6
  2214 | D:3      | Found a bloodstained altar of Trog.
  2217 | D:3      | Found a shimmering blue altar of Sif Muna.
  2229 | D:3      | Found a sparkling altar of Nemelex Xobeh.
  2229 | D:3      | Noticed Sigmund
  2236 | D:3      | Killed Sigmund
  2237 | D:3      | Reached skill level 6 in Shapeshifting
  2237 | D:3      | Reached XP level 7. HP: 43/43 MP: 7/7
  2358 | D:3      | Found a basalt altar of Yredelemnul.
  2514 | D:3      | Found an ancient bone altar of Kikubaaqudgha.
  2516 | D:3      | Found a shimmering altar of Xom.
  2516 | D:3      | Found a bloodstained altar of Trog.
  2718 | D:3      | Found a stormy altar of Qazlal.
  2718 | D:3      | Found a snail-covered altar of Cheibriados.
  2718 | D:3      | Found an ancient bone altar of Kikubaaqudgha.
  3069 | D:3      | Found a transporter.
  3089 | D:3      | Found a hazy altar of Hepliaklqana.
  3089 | D:3      | Found an ornate altar of the Wu Jian Council.
  3090 | D:3      | Found a burning altar of Makhleb.
  3170 | D:3      | Found an opulent altar of Gozag.
  3185 | D:3      | Became a worshipper of Gozag Ym Sagoz the Greedy
  3593 | D:5      | Entered Level 5 of the Dungeon
  3636 | D:5      | Reached skill level 7 in Shapeshifting
  3992 | D:5      | Found a glowing golden altar of the Shining One.
  4250 | D:5      | Found an ancient bone altar of Kikubaaqudgha.
  4684 | D:5      | Reached skill level 8 in Shapeshifting
  4684 | D:5      | Reached XP level 8. HP: 27/48 MP: 8/8
  4864 | D:6      | Found a hide-covered altar of Uskayaw.
  4991 | D:6      | Noticed Eustachio
  5003 | D:6      | Killed Eustachio
  5004 | D:6      | Reached skill level 9 in Shapeshifting
  5043 | D:6      | Found a staircase to the Ecumenical Temple.
  5051 | Temple   | Entered the Ecumenical Temple
  5747 | D:6      | Reached XP level 9. HP: 39/53 MP: 9/9
  5816 | D:6      | Reached skill level 10 in Shapeshifting
  6087 | D:7      | Found a sacrificial altar of Ru.
  6266 | D:7      | Found a snail-covered altar of Cheibriados.
  6641 | D:8      | Noticed a two-headed ogre
  6983 | D:8      | Killed a two-headed ogre
  6984 | D:8      | Reached skill level 11 in Shapeshifting
  7006 | D:8      | Reached XP level 10. HP: 49/63 MP: 10/10
  7216 | D:8      | Reached skill level 5 in Unarmed Combat
  7350 | D:8      | Noticed a death yak
  7351 | D:8      | Noticed a death yak
  7351 | D:8      | Noticed a death yak
  7363 | D:8      | Noticed a death yak
  7364 | D:8      | Noticed a death yak
  7388 | D:8      | Killed a death yak
  7585 | D:8      | Found a staircase to the Lair.
  7631 | D:8      | Killed a death yak
  7632 | D:8      | Reached skill level 5 in Fighting
  7637 | D:8      | Killed a death yak
  7644 | D:8      | Killed a death yak
  7645 | D:8      | Reached skill level 12 in Shapeshifting
  7761 | D:8      | Noticed a death yak
  7761 | D:8      | Noticed a death yak
  7784 | D:8      | Killed a death yak
  7785 | D:8      | Reached XP level 11. HP: 46/72 MP: 11/11
  8113 | D:1      | Bought a +4 ring of protection for 504 gold pieces
  8274 | Lair:1   | Entered Level 1 of the Lair of Beasts
  9440 | Lair:2   | Noticed Harold
  9441 | Lair:2   | Noticed Gastronok
  9473 | Lair:2   | Killed Harold
  9474 | Lair:2   | Reached skill level 13 in Shapeshifting
  9499 | Lair:2   | Killed Gastronok
  9695 | Lair:2   | Reached XP level 12. HP: 82/82 MP: 12/12
  9871 | Lair:2   | Noticed a five-headed hydra
  9887 | Lair:2   | Killed an eight-headed hydra
  9996 | Lair:2   | Noticed a skyshark
 10003 | Lair:2   | Killed a skyshark
 10032 | Lair:2   | Found a staircase to the Swamp.
 10684 | Swamp:1  | Entered Level 1 of the Swamp
 10686 | Swamp:1  | Noticed an alligator
 10813 | Lair:3   | Saving game... please wait.
 10925 | Lair:3   | Found a hole to the Spider Nest.
 11060 | Lair:3   | Noticed Amaemon
 11106 | Lair:2   | Killed Amaemon
 11107 | Lair:2   | Reached skill level 14 in Shapeshifting
 11318 | Lair:2   | Saving game... please wait.
 11326 | Lair:3   | Noticed a boulder beetle
 11342 | Lair:3   | Killed a boulder beetle
 12203 | Lair:4   | Noticed a skyshark
 12210 | Lair:4   | Killed a skyshark
 12212 | Lair:4   | Noticed a skyshark
 12220 | Lair:4   | Killed a skyshark
 12290 | Lair:4   | Reached XP level 13. HP: 56/90 MP: 13/13
 12560 | Lair:4   | Reached skill level 10 in Unarmed Combat
 12745 | Lair:4   | Reached skill level 15 in Shapeshifting
 12762 | Lair:4   | Reached skill level 10 in Fighting
 13045 | Lair:4   | Found a staircase to the Slime Pits.
 13065 | Lair:4   | Reached skill level 1 in Spellcasting
 13074 | Lair:4   | Noticed Snorg
 13082 | Lair:4   | Killed Snorg
 13419 | Lair:4   | Found a viscous altar of Jiyva.
 13503 | Lair:4   | Got the Verses on the Sinister Tektite
 13651 | Lair:5   | Entered Level 5 of the Lair of Beasts
 14376 | Lair:5   | Identified the +0 scimitar "Wekap" {flame, +Blink Stlth+}
 14404 | Lair:5   | Reached XP level 14. HP: 101/101 MP: 20/20
 15658 | D:9      | Found a blossoming altar of Fedhas.
 15829 | D:1      | Bought a ring of ice for 350 gold pieces
 15829 | D:1      | Bought a ring of wizardry for 420 gold pieces
 16125 | D:9      | Noticed Erolcha
 16138 | D:9      | Killed Erolcha
 16139 | D:9      | Reached skill level 5 in Spellcasting
 16255 | D:10     | Entered Level 10 of the Dungeon
 17088 | D:11     | Noticed Sonja
 17097 | D:11     | Killed Sonja
 17940 | D:12     | Found a staircase to the Orcish Mines.
 18004 | D:12     | Found Juiciych's General Store.
 18012 | D:12     | Bought a scroll of identify for 34 gold pieces
 18012 | D:12     | Bought a potion of heal wounds for 85 gold pieces
 18357 | D:12     | Reached skill level 5 in Dodging
 18460 | D:13     | Noticed Lodul
 18460 | D:13     | Found a gate to the Vaults.
 18469 | D:12     | Killed Lodul
 19422 | D:13     | Reached XP level 15. HP: 108/108 MP: 24/24
 19541 | D:13     | Found a runed translucent gate.
 19541 | D:13     | Found a runed translucent gate.
 19541 | D:13     | Found a runed translucent gate.
 19544 | D:13     | Noticed Fiesu's ghost (journeyman DrCj)
 19592 | D:13     | Killed Fiesu's ghost
 19831 | D:13     | Found a glowing silver altar of Zin.
 20146 | Orc:1    | Entered Level 1 of the Orcish Mines
 20146 | Orc:1    | Noticed Jorgrun
 20146 | Orc:1    | Noticed Josephine
 20158 | D:12     | Killed Jorgrun
 20444 | D:12     | Bought a potion of curing for 63 gold pieces
 20444 | D:12     | Bought a scroll of teleportation for 63 gold pieces
 20458 | Orc:1    | Killed Josephine
 20464 | Orc:1    | Reached skill level 16 in Shapeshifting
 20766 | Orc:2    | Entered Level 2 of the Orcish Mines
 20766 | Orc:2    | Found a staircase to the Elven Halls.
 22965 | Orc:2    | Found Fuoggal's Magic Scroll Shoppe.
 22965 | Orc:2    | Found Tieskepp's Jewellery Shoppe.
 22966 | Orc:2    | Found Ryicvedd's Antique Weapon Emporium.
 22966 | Orc:2    | Found Heuf's General Store.
 22973 | Orc:2    | Bought a scroll of teleportation for 48 gold pieces
 22979 | Orc:2    | Bought a ring of protection from cold for 325 gold pieces
 22979 | Orc:2    | Bought a scroll of blinking for 97 gold pieces
 22981 | Orc:2    | Bought the amulet "Cixzit" {Reflect rElec rC+ Will+ SH+5}
                  | for 735 gold pieces
 23406 | Swamp:1  | You are sucked into a shaft and drop 1 floor!
 23704 | Swamp:2  | Identified the +9 broad axe of the Head {venom, +Blink
                  | rPois rCorr Int-4}
 23983 | Swamp:1  | Found a runed translucent gate.
 23984 | Swamp:1  | Found a runed translucent gate.
 23985 | Swamp:1  | Found a runed translucent gate.
 24744 | Swamp:1  | Noticed Qiekomn's ghost (journeyman DsBe)
 24755 | Swamp:1  | Killed Qiekomn's ghost
 24756 | Swamp:1  | Reached XP level 16. HP: 114/114 MP: 28/28
 25117 | Swamp:2  | Learned a level 3 spell: Vhi's Electric Charge
 25120 | Swamp:2  | Learned a level 2 spell: Cigotuvi's Dreadful Rot
 25187 | Swamp:2  | Noticed a fenstrider witch
 25193 | Swamp:2  | Killed a fenstrider witch
 25385 | Swamp:3  | Reached skill level 17 in Shapeshifting
 25395 | Swamp:3  | Reached skill level 1 in Translocations
 25395 | Swamp:3  | Reached skill level 1 in Air Magic
 27790 | Swamp:4  | Entered Level 4 of the Swamp
 28420 | Swamp:4  | Noticed the 27-headed Lernaean hydra
 28529 | Swamp:4  | Saving game... please wait.
 28529 | Swamp:4  | Upgraded the game from 0.31-a0-441-g867994ef1c to
                  | 0.31-a0-455-g1a7b003ef0
 28683 | Swamp:4  | Killed the 27-headed Lernaean hydra
 28805 | Swamp:4  | Identified the +4 trident of the Wasteland {elec, Str+3}
 28845 | Swamp:4  | HP: 7/148 [tyrant leech (17)]
 28845 | Swamp:4  | HP: 1/148 [swamp worm (6)]
 29051 | Swamp:4  | Reached XP level 17. HP: 103/119 MP: 30/30
 29536 | Swamp:4  | Got a decaying rune of Zot
 29853 | Orc:2    | Bought a storm talisman for 1478 gold pieces
 29853 | Orc:2    | Bought a ring of protection from fire for 325 gold pieces
 30236 | Spider:1 | Entered Level 1 of the Spider Nest
 31009 | Spider:1 | Reached skill level 18 in Shapeshifting
 33635 | Spider:4 | Entered Level 4 of the Spider Nest
 33754 | Spider:4 | Reached skill level 19 in Shapeshifting
 33765 | Spider:4 | Saving game... please wait.
 34032 | Spider:4 | Noticed Aizul
 34043 | Spider:4 | Killed Aizul
 34321 | Spider:4 | Reached XP level 18. HP: 88/125 MP: 22/31
 35119 | Spider:4 | Got a gossamer rune of Zot
 35479 | D:14     | Reached skill level 20 in Shapeshifting
 35973 | D:14     | Found an ancient bone altar of Kikubaaqudgha.
 36212 | D:15     | Entered Level 15 of the Dungeon
 37052 | D:15     | Found a staircase to the Depths.
 37272 | Vaults:1 | Entered Level 1 of the Vaults
 37903 | Vaults:1 | Saving game... please wait.
 37953 | Vaults:1 | Reached skill level 21 in Shapeshifting
 38432 | Vaults:1 | You are sucked into a shaft and drop 1 floor!
 38448 | Vaults:2 | Noticed Mennas
 38479 | Vaults:2 | Reached XP level 19. HP: 44/131 MP: 32/32
 38480 | Vaults:2 | HP: 5/131 [war gargoyle/spray of metal splinters[a
                  | peacekeeper] (32)]
 38481 | Vaults:2 | Mangled by a war gargoyle

Illustrated notes

Levels and vault maps discovered:
D:1:      ldierk_walled_garden, layout_rooms, serial_shops, shop,
          grunt_decor_junction
D:2:      layout_loops_ring, hangedman_decor_lopped, uniq_crazy_yiuf_cottage
D:3:      layout_loops_ring, grunt_gozag_breadcrumbs,
          gammafunk_temple_overflow_arena, grunt_temple_overflow_cloverleaf,
          doesnt_xom_only_xom, uniq_sigmund
D:4:      layout_basic, elyvilon_altar_1
D:5:      layout_gridville, lemuel_round_altar, tso_metal_star
D:6:      layout_layer_cave, eat_drink_and_be_merry_uskayaw,
          minmay_temple_entry_ruins, uniq_eustachio
D:7:      layout_basic, kennysheep_mini_moat, mainiacjoe_overflow_alcove_4,
          kennysheep_generic_room_10
D:8:      layout_cave_pods, dpeg_lair_monsters
D:9:      layout_cross, overflow_temple_1_default, uniq_erolcha
D:10:     layout_basic
D:11:     layout_cave_pools, uniq_sonja
D:12:     layout_cave_pools, minmay_orc_entry_temple_small, serial_shops,
          nicolae_shop_trees, hangedman_decor_points, corner_web_ring
D:13:     layout_roguey, david_vaults_3, biasface_ghost_orc_armoury,
          zin_scriptorium
D:14:     layout_irregular_city, kiku_gazebo_garden_becter
D:15:     hangedman_depths_entry_try_elsewhere_first, layout_loops_cross,
          corexii_hall_statues_l, hangedman_decor_push
Temple:   nicolae_temple_superstar
Lair:1:   layout_hall_layers, minmay_hedge_maze, infiniplex_staircase_pool_2,
          serial_bayou_shore_b
Lair:2:   layout_cave_pods, minmay_swamp_entry_wisps, beast_lair_carwin_11,
          infiniplex_staircase_pool, uniq_harold, uniq_gastronok
Lair:3:   layout_cellular_growth, hellmonk_spider_entry_not_the_bees,
          uniq_amaemon
Lair:4:   beast_lair_carwin_large_3, layout_big_grid,
          minmay_slime_entry_pillars, chequers_serial_rivers_micro_d, uniq_snorg
Lair:5:   gammafunk_lair_ancient_temple, layout_hall_layers, lemuel_fruit_tree
Swamp:1:  layout_basic_swamp, portal_ice_cave_entry_dragon,
          ebering_ghost_rock_garden, evilmike_swamp_ruin_rubble_1
Swamp:2:  layout_basic_swamp, hangedman_swamp_ruin_wall
Swamp:3:  layout_basic_swamp, serial_swamp_ruin, evilmike_swamp_ruin_rubble_2,
          evilmike_swamp_ruin_wall, evilmike_swamp_ruin_house_2
Swamp:4:  swamp_old_school, layout_basic_swamp
Spider:1: layout_spider_delve, hellmonk_deceptive_appearances
Spider:2: layout_cave_pods, nicolae_orb_island
Spider:3: layout_spider_delve
Spider:4: spider_rune_water, uniq_aizul
Orc:1:    layout_caves, basic_altar, abandoned_shop, uniq_jorgrun,
          uniq_josephine
Orc:2:    st_orc_pillars, layout_caves
Vaults:1: nicolae_vaults_storage_room_doors, nicolae_vaults_house_3,
          nicolae_vaults_stepped_doors, vaults_room_grunt_arrival_ludios,
          nicolae_vaults_corridor_and_loot_room,
          nicolae_vaults_trapezoid_lopsided_1, nicolae_vaults_more_shelving_1,
          nicolae_vaults_alarming, layout_vaults_omnigrid
Vaults:2: nicolae_vaults_trapezoid_lopsided_1, nicolae_vaults_trapezoid_2,
          nicolae_vaults_steering_wheel, nicolae_vaults_little_squares_6,
          nicolae_vaults_octothorpe, nicolae_vaults_double_plus_3,
          nicolae_vaults_little_guard_posts, ontoclasm_vaults_ring_small,
          nicolae_vaults_storage_closets_3, nicolae_vaults_sightless_eye,
          vaults_room_stairs_pillars, vaults_room_door_ring,
          nicolae_vaults_border_crossing, layout_vaults_ring, serial_shops,
          nicolae_shop_mannequins, uniq_mara, uniq_mennas

Skill      XL: |  1  2  3  4  5  6  7  8  9 10 11 12 13 14 15 16 17 18 |
---------------+-------------------------------------------------------+-----
Shapeshifting  | 4 5 6 8 9 11 12 13 14 15 16 17 19 21 | 21.0
Fighting       | 3 5 7 9 11 12 | 12.1
Unarmed Combat | 4 6 8 9 11 12 13 14 | 14.4
Spellcasting   | 4 6 8 9 |  9.5
Dodging        | 5 7 8 |  8.8
Translocations | 4 |  4.4
Air Magic      | 4 |  4.4

Action                     |  1- 3 |  4- 6 |  7- 9 | 10-12 | 13-15 | 16-18 | 19-21 || total
---------------------------+-------+-------+-------+-------+-------+-------+-------++-------
  Melee: Unarmed           |    49 |    59 |   173 |   285 |   882 |   887 |     3 ||  2338
         Constrict         |    13 |     8 |    13 |       |       |    33 |       ||    67
         Punch             |     2 |     1 |     3 |    11 |    66 |    79 |     2 ||   164
         Tentacles         |    13 |    11 |    20 |       |       |    54 |       ||    98
         Tailslap          |       |       |    10 |    35 |   122 |    40 |       ||   207
         Bite              |       |       |     6 |    24 |   102 |    26 |       ||   158
   Cast: Vhi's Electric Ch |       |       |       |       |       |    17 |       ||    17
 Invoke: Call Merchant     |       |       |       |       |     3 |       |       ||     3
Ability: Breathe Fire      |       |       |       |     2 |     1 |     1 |       ||     4
         Blinkbolt         |       |       |       |       |       |     8 |       ||     8
         Siphon Essence    |       |       |       |       |       |     1 |       ||     1
  Evoke: Wand              |       |       |     3 |     2 |     3 |       |       ||     8
    Use: Potion            |       |     2 |       |     1 |     2 |     5 |       ||    10
         Scroll            |       |       |    11 |     4 |    13 |     9 |       ||    37
   Stab: Sleeping          |     3 |     4 |     6 |     1 |       |     2 |       ||    16
         Distracted        |       |       |     2 |       |     5 |     3 |       ||    10
         Paralysed         |       |       |     4 |       |     2 |       |       ||     6
         Invisible         |       |       |       |     1 |       |       |       ||     1
 Armour: Skin              |       |    13 |    41 |   182 |   284 |   393 |       ||   913
  Dodge: Dodged            |    25 |     9 |    60 |   181 |   459 |  1140 |       ||  1874
  Block: Other             |     1 |     8 |    27 |    72 |   151 |   236 |       ||   495
         Reflection        |       |       |     1 |       |    12 |     8 |       ||    21
   Form: Dragon            |       |     1 |     1 |       |     1 |     2 |       ||     5
         Beast             |       |     1 |       |       |       |       |       ||     1
         Statue            |       |       |       |       |     1 |     2 |       ||     3
         Storm             |       |       |       |       |       |     4 |       ||     4
         Death             |       |       |       |       |       |     2 |       ||     2
                           |       |       |       |       |       |     1 |       ||     1

Table legend: (Time is in decaauts)
 A = Elapsed time spent in this place.
 B = Non-inter-level travel time spent in this place.
 C = Inter-level travel time spent in this place.
 D = Time resting spent in this place.
 E = Time spent auto-exploring this place.
 F = Levels seen in this place.
 G = Mean time per level.
                   A        B        C        D        E       F      G
               +--------+--------+--------+--------+--------+-----+--------+
         Total |  39070 |  36307 |   2763 |   4591 |  25537 |  33 | 1183.9 |
       Dungeon |  15713 |  14120 |   1593 |   1342 |  10662 |  15 | 1047.5 |
        Temple |      1 |      1 |      0 |      0 |      0 |   1 |    1.0 |
          Lair |   8178 |   7653 |    525 |    759 |   5543 |   5 | 1635.6 |
         Swamp |   6432 |   6247 |    185 |   1848 |   3400 |   4 | 1608.0 |
   Spider Nest |   4885 |   4727 |    158 |    379 |   3541 |   4 | 1221.2 |
  Orcish Mines |   2928 |   2629 |    299 |    245 |   1709 |   2 | 1464.0 |
        Vaults |    931 |    931 |      0 |     17 |    680 |   2 |  465.5 |
               +--------+--------+--------+--------+--------+-----+--------+

Top non-repeatable levels by time:
   Orc:2: 2177 daAuts
 Swamp:2: 2131 daAuts
  Lair:3: 2117 daAuts
  Lair:2: 2027 daAuts
 Swamp:4: 2026 daAuts
    D:13: 1839 daAuts
  Lair:5: 1793 daAuts
     D:8: 1684 daAuts
Spider:4: 1504 daAuts
Spider:1: 1465 daAuts
  Lair:4: 1444 daAuts
    D:12: 1354 daAuts
     D:5: 1306 daAuts
 Swamp:3: 1273 daAuts
     D:4: 1255 daAuts
